 Dungeon Crawl Stone Soup version 0.29.1-15-g9cfb28693d (webtiles) character file.

Game seed: 727491260322340059

84 kingsuperguy the Chopper (level 4, -7/45 HPs)
             Began as an Ogre Gladiator on Sept 15, 2023.
             Was a Priest of Zin.
             Mangled by a gnoll
             ... wielding a +0 flail
              (8 damage)
             ... on level 3 of the Dungeon.
             The game lasted 00:03:15 (2269 turns).

kingsuperguy the Chopper (Ogre Gladiator)           Turns: 2269, Time: 00:03:16

Health: -7/45      AC:  3    Str: 20    XL:     4   Next: 45%
Magic:  4/4        EV: 10    Int:  9    God:    Zin [***...]
Gold:   137        SH:  0    Dex: 10    Spells: 3/3 levels left

rFire   . . .      SeeInvis .   a - +0 war axe
rCold   . . .      Faith    .   (no shield)
rNeg    . . .      Spirit   .   b - +0 robe
rPois   .          Reflect  .   c - +0 hat
rElec   .          Harm     .   (no cloak)
rCorr   .          Rampage  .   (gloves unavailable)
Will    .....                   (boots unavailable)
Stlth   +.........              (no amulet)
HPRegen 0.15/turn               (no ring)
MPRegen 0.09/turn               (no ring)

@: no status effects
A: large, unfitting armour, tough skin 1
a: Renounce Religion, Recite, Vitalisation, Imprison, Donate Gold


You were on level 3 of the Dungeon.
You worshipped Zin.
Zin was most pleased with you.
You visited 1 branch of the dungeon, and saw 3 of its levels.

You collected 152 gold pieces.
You donated 15 gold pieces to Zin.

Inventory:

Hand Weapons
 a - a +0 war axe (weapon)
Missiles
 d - 3 throwing nets (quivered)
 e - a large rock
Armour
 b - a +0 robe (worn)
 c - a +0 hat (worn)
 u - a +0 ring mail
Magical Staves
 s - a staff of air
Scrolls
 j - a scroll of blinking {unknown}
 k - a scroll of amnesia {unknown}
 l - 7 scrolls of identify {unknown}
 m - a scroll of brand weapon {unknown}
 o - a scroll of immolation {unknown}
 q - a scroll of fear {unknown}
 r - a scroll of teleportation {unknown}
 v - a scroll of poison {unknown}
 w - a scroll of vulnerability {unknown}
Potions
 f - 3 potions of brilliance {unknown}
 g - a potion of invisibility {unknown}
 h - 3 potions of curing {unknown}
 i - 3 potions of flight {unknown}
 n - a potion of lignification {unknown}
 p - 2 potions of might {unknown}
 t - a potion of mutation {unknown}


   Skills:
 + Level 3.5 Fighting
 + Level 4.2 Axes
 + Level 2.1 Throwing
 + Level 3.0 Dodging
 + Level 0.2 Stealth
 * Level 1.0 Invocations


You had 3 spell levels left.
You didn't know any spells.
Your spell library contained the following spells:

 Spells                   Type           Power      Damage    Failure   Level
 Scorch                   Fire           0%         2d5       52%         2
 Flame Wave               Conj/Fire      0%         2d4       99%         4
 Summon Cactus Giant      Summ           0%         N/A       100%        6


Dungeon Overview and Level Annotations

Branches:
Dungeon (3/15)

Altars:
Elyvilon
Zin


Innate Abilities, Weirdness & Mutations

You are too large for most types of armour.
You have tough skin. (AC +1)


Message History

A ball python comes into view.
The ball python hisses angrily.
You slash the ball python!
You kill the ball python!
There is a shaft here.
A gnoll comes into view. It is wielding a +0 flail.
Found a chain mail.
The gnoll shouts!
You hear a shout! x2
The gnoll moves out of view.
A gnoll comes into view. It is wielding a +0 vorpal flail.
A gnoll is nearby!
Found 10 gold pieces.
There are monsters nearby!
A gnoll comes into view. It is wielding a +0 club.
The gnoll shouts! x2
A quokka comes into view.
A gnoll comes into view. It is wielding a +0 flail.
There are monsters nearby!
Found an escape hatch in the floor.
The gnoll misses you.
The gnoll hits you with a +0 vorpal flail.
You hit the gnoll.
The gnoll is lightly wounded.
You hit the gnoll but do no damage.
The gnoll hits you with a +0 vorpal flail.
You hit the gnoll.
The gnoll is moderately wounded.
You closely miss the gnoll. The gnoll hits you with a +0 flail.
A kobold comes into view. It is wielding a +0 whip.
The gnoll completely misses you.
You barely miss the gnoll.
The gnoll is moderately wounded.
The kobold shouts!
You slash the gnoll! You hit the gnoll. The gnoll hits you with a +0 flail!
The gnoll barely misses you.
The gnoll hits you with a +0 vorpal flail.
The gnoll hits you with a +0 vorpal flail!
* * * LOW HITPOINT WARNING * * *
x2 The gnoll hits you with a +0 flail!
You die...

.#.....# [..#....#...
.#.$.#.....#
.......#.#..
##..#.#....... .
#.......#...#. #..
#.##.#....#...
.....######.##....#...#.
....Kgg@........#.......
......gg................
.....#r...............##
...# ##.####.#........#
#. #.# #.#...#.#### #
#.# #.#...#.## # #.#
#.#...#^.#### .>#
#.#...#....#.
#............


You could see 4 gnolls, a quokka and a kobold.

Vanquished Creatures
  2 adders
  2 worms (D:2)
  3 dart slugs
  3 orcs (D:3)
  6 bats
  6 endoplasms
  A giant cockroach (D:1)
  A goblin (D:1)
  8 hobgoblins
  4 kobolds
  3 quokkas
  2 ball pythons
  4 frilled lizards
  5 rats
50 creatures vanquished.

Vanquished Creatures (others)
  A fungus (D:1)
  A plant (D:1)
2 creatures vanquished.

Grand Total: 52 creatures vanquished

Notes
Turn   | Place    | Note
-------+----------+-------------------------------------------
     0 | D:1      | kingsuperguy the Ogre Gladiator began the quest for the
                  | Orb.
     0 | D:1      | Reached XP level 1. HP: 22/22 MP: 1/1
   163 | D:1      | Reached XP level 2. HP: 29/29 MP: 2/2
   515 | D:1      | Found a faded altar of an unknown god.
   587 | D:1      | Prayed at the altar of an unknown god.
   587 | D:1      | Became a worshipper of Zin the Law-Giver
   587 | D:1      | Reached * piety under Zin
   682 | D:1      | Reached ** piety under Zin
   758 | D:1      | Reached XP level 3. HP: 37/37 MP: 3/3
  1403 | D:2      | Found a white marble altar of Elyvilon.
  1423 | D:2      | Reached *** piety under Zin
  1449 | D:2      | Reached XP level 4. HP: 35/45 MP: 4/4
  1585 | D:2      | Reached skill level 4 in Axes
  2041 | D:3      | Reached skill level 1 in Invocations
  2269 | D:3      | HP: 2/45 [gnoll/+0 vorpal flail (13)]
  2269 | D:3      | Mangled by a gnoll

Illustrated notes

Levels and vault maps discovered:
D:1:      dpeg_chamrin_arrival_tetris, layout_loops_cross,
          dreamdust_ecumenical_altar_hidden_monk_grotto, minmay_misc_feat_room
D:2:      layout_basic, basic_altar
D:3:      layout_loops_cross, nicolae_kite_square_tiling_tiny, glass_columns_a,
          minmay_misc_feat_square

Skill      XL: |  1  2  3  4 |
---------------+-------------+-----
Dodging        | 3 |  3.0
Fighting       | 3 |  3.5
Axes           | 4 |  4.2
Invocations    | 1 |  1.0
Throwing       | |  2.1
Stealth        | |  0.2

Action                   |  1- 3 |  4- 6 || total
-------------------------+-------+-------++-------
Melee: War axe           |    92 |    31 ||   123
 Stab: Sleeping          |     1 |       ||     1
Armor: Robe              |    32 |     2 ||    34
Dodge: Dodged            |    57 |    16 ||    73
